cohdb
Replays
Latest Replays
All Replays
Popular Replays
Top Player Replays
Match Explorer
How It Works
Community
CoH3 Stats
Reddit
Sign in to upload your games and track your stats! →
Sign in with Steam
Match 45770407
Unlisted
Match 45770407
Overview
Messages
Build Orders
End
Pioneer Squad
Construct Infanterie Kompanie
Selects Mechanized Battlegroup
Grenadier Squad
Grenadier Squad
Grenadier Squad
Infanterie Officer Quarters
MG 42 Machine Gun Team
Construct Luftwaffe Kompanie
221 Scout Car
Selects Raid Package
Jäger Squad
Selects 8 Rad Armored Car
8 Rad Armored Car
Support Elements
Wirbelwind Flakpanzer
Selects Mobile Repair Stations
Construct Panzergrenadier Kompanie
Nebelwerfer 42 Rocket Launcher Team
Jäger Squad
Luftwaffe Officer Quarters
Selects Panther Heavy Tank
Selects Panther Heavy Tank
Panther Heavy Tank
Selects Stoßtruppen Assault Package
CommanderMooseman007
Thank You Chef
0
0
Comments
sign in to comment!
No comments posted yet!